 Dungeon Crawl Stone Soup version 0.21-a0-349-g0c35859 (webtiles) character file.

2210 tidbits the Charmwright (level 9, -14/69 HPs)
             Began as a Gnoll Skald on Oct 8, 2017.
             Was an Initiate of Makhleb.
             Demolished by an orc warrior
             ... wielding a +0 battleaxe
              (17 damage)
             ... on level 8 of the Dungeon.
             The game lasted 00:16:28 (2421 turns).

tidbits the Charmwright (Gnoll Skald)               Turns: 2421, Time: 00:16:28

Health: -14/69     AC: 14    Str: 17    XL:     9   Next: 35%
Magic:  17/18      EV: 10    Int: 18    God:    Makhleb [......]
Gold:   241        SH:  4    Dex: 15    Spells: 10/21 levels left

rFire    + . .     SeeInvis .   f - +1 quarterstaff (speed)
rCold    . . .     Gourm    .   (shield currently unavailable)
rNeg     + . .     Faith    .   v - +1 chain mail of Emauts {rN+ MR- Str+3} (curse)
rPois    .         Spirit   .   E - +1 helmet
rElec    .         Reflect  +   C - scarf {repulsion}
rCorr    +         Harm     .   G - +0 pair of gloves
MR       .....                  (no boots)
Stlth    ..........             L - +4 amulet of reflection
HPRegen  0.21/turn              p - ring of protection from fire
MPRegen  0.16/turn              t - ring of resist corrosion

@: repel missiles
A: distributed training, fangs 1, strong nose
a: Renounce Religion


You were on level 8 of the Dungeon.
You worshipped Makhleb.
Makhleb was noncommittal.
You were not hungry.

You visited 2 branches of the dungeon, and saw 9 of its levels.

You collected 241 gold pieces.

Inventory:

Hand Weapons
 a - a +1 hand axe
 f - a +1 quarterstaff of speed (weapon)
   (You found it on level 2 of the Dungeon)
 m - a +0 shortbow
 J - a +0 war axe
 V - a cursed -3 long sword
Missiles
 h - 22 poisoned needles
 n - 74 arrows
 N - a throwing net (quivered) {!f}
 W - 3 tomahawks
Armour
 b - a +0 leather armour
 v - the cursed +1 chain mail of Emauts (worn) {rN+ MR- Str+3}
   (You found it on level 6 of the Dungeon)

   It affects your strength (+3).
   It protects you from negative energy.
   It affects your resistance to hostile enchantments.
   It has a curse placed upon it.
 B - a +0 ring mail
 C - a scarf of repulsion (worn)
   (You found it on level 4 of the Dungeon)
 E - a +1 helmet (worn)
 G - a +0 pair of gloves (worn)
 H - a +0 buckler
 M - a cursed +0 leather armour
Magical Staves
 F - an uncursed staff of energy {unknown}
   (You found it on level 4 of the Dungeon)
 Q - a cursed staff of air {unknown}
   (You found it on level 7 of the Dungeon)
Jewellery
 p - a ring of protection from fire (left hand)
   (You found it on level 1 of the Dungeon)
 t - a ring of resist corrosion (right hand)
   (You found it on level 2 of the Dungeon)
 w - an uncursed ring of positive energy
   (You found it on level 3 of the Dungeon)
 z - an uncursed ring of wizardry {unknown}
   (You found it on level 7 of the Dungeon)
 L - a +4 amulet of reflection (around neck)
   (You found it on level 7 of the Dungeon)
 P - an uncursed ring of teleportation
   (You found it on level 6 of the Dungeon)
Wands
 i - a wand of confusion (40/48)
 j - a wand of disintegration (19/24)
 A - a wand of lightning (15/15)
 K - a wand of polymorph (8/24)
Scrolls
 e - a scroll of enchant weapon
 l - a scroll of blinking
 y - 2 scrolls of amnesia
 I - 2 scrolls of fear {unknown}
 O - a scroll of random uselessness {unknown}
 R - a scroll of noise {unknown}
 S - a scroll of teleportation {unknown}
Potions
 g - 2 potions of brilliance {unknown}
 k - a potion of heal wounds {unknown}
 q - a potion of degeneration {unknown}
 s - 3 potions of agility {unknown}
 u - 4 potions of curing {unknown}
 x - 2 potions of lignification {unknown}
 D - a potion of haste {unknown}
Books
 c - a book of Battle

   Spells                             Type                      Level
   a - Infusion                       Charms                       1
   b - Shroud of Golubria             Charms/Translocation         2
   c - Song of Slaying                Charms                       2
   d - Spectral Weapon                Hexes/Charms                 3
   e - Regeneration                   Charms/Necromancy            3
Comestibles
 d - 3 bread rations
 o - 5 fruits
 r - 4 royal jellies
 U - a meat ration


   Skills:
 + Level 6.2 Fighting
 + Level 4.1 Short Blades
 + Level 4.1 Long Blades
 + Level 6.2 Axes
 + Level 4.1 Maces & Flails
 + Level 4.1 Polearms
 + Level 4.1 Staves
 + Level 4.1 Slings
 + Level 4.1 Bows
 + Level 4.1 Crossbows
 + Level 4.1 Throwing
 + Level 4.9 Armour
 + Level 6.2 Dodging
 + Level 4.1 Stealth
 + Level 4.1 Shields
 + Level 4.1 Unarmed Combat
 + Level 6.5 Spellcasting
 + Level 4.1 Conjurations
 + Level 4.1 Hexes
 + Level 7.8 Charms
 + Level 4.1 Summonings
 + Level 4.1 Necromancy
 + Level 4.1 Translocations
 + Level 4.1 Transmutations
 + Level 4.1 Fire Magic
 + Level 4.1 Ice Magic
 + Level 4.1 Air Magic
 + Level 4.1 Earth Magic
 + Level 4.1 Poison Magic
 + Level 4.1 Invocations
 + Level 4.1 Evocations


You had 10 spell levels left.
You knew the following spells:

 Your Spells              Type           Power        Failure   Level  Hunger
g - Shroud of Golubria    Chrm/Tloc      ####......   21%         2    None
i - Infusion              Chrm           ####         6%          1    None
r - Regeneration          Chrm/Necr      ####......   36%         3    ##.....
w - Spectral Weapon       Hex/Chrm       ####....     36%         3    ##.....
y - Song of Slaying       Chrm           ####....     9%          2    None


Dungeon Overview and Level Annotations

Branches:
Dungeon (8/15)             Temple (1/1) D:5
   Lair: D:8-11

Altars:
Ashenzari
Dithmenos
Elyvilon
Fedhas
Gozag
Hepliaklqana
Kikubaaqudgha
Makhleb
Nemelex Xobeh
Okawaru
Qazlal
Ru
Sif Muna
Trog
Uskayaw
Vehumet
Wu Jian
Xom
Yredelemnul
Zin
The Shining One

Shops:
D:5 %


Innate Abilities, Weirdness & Mutations

Your experience applies equally to all skills.
You have very sharp teeth.
Your uncanny sense of smell can sniff out nearby items.


Message History

The orc hits you but does no damage.
You hit the orc. Your bite misses the orc.
The orc is lightly wounded.
Your spectral weapon barely misses the orc.
Your chain mail of Emauts prevents you from hitting the orc.
The orc is lightly wounded.
Your spectral weapon hits the orc!
You kill the orc!
Makhleb accepts your kill.
Things that are here:
an enchanted flail; 3 tomahawks
W - 3 tomahawks Eat a chunk of flesh? (ye/n/q)
You eat the chunk of flesh.
This raw flesh tastes terrible.
Items here: )) [ † a leather armour; a dagger; an enchanted flail; an orc corpse
Things that are here:
a dagger; a robe; an orc corpse
There is a stone staircase leading down here.
You climb downwards.
Your summoned ally is left behind.
Your spectral weapon fades away.
You hear the hiss of flowing sand.
There is an entrance to an ossuary on this level.
Hurry and find it before the portal is buried!
An orc, an orc warrior and an orc priest come into view.
The orc warrior shouts!
The orc shouts!
There is a stone staircase leading up here.
Casting: Spectral Weapon
Confirm with . or Enter, or press ? or * to list all spells.
You draw out your weapon's spirit!
The orc warrior hits your spectral weapon with a battleaxe!
Your spectral weapon shares its damage with you!
The orc priest begins to cast a cantrip, but forgets the words!
You swap places.
The orc priest looks encouraged for a moment.
You hit the orc warrior but do no damage.
You bite the orc warrior, but do no damage.
The orc warrior hits you but does no damage.
You hit the orc. You bite the orc.
The orc is moderately wounded.
Your spectral weapon hits the orc.
You block the orc's attack.
The orc priest calls down the wrath of Beogh upon you.
Beogh smites you!
Your chain mail of Emauts prevents you from hitting the orc.
The orc is heavily wounded.
Your spectral weapon hits the orc.
The orc warrior hits you with a battleaxe.
The orc warrior misses your spectral weapon.
The orc hits your spectral weapon but does no damage.
The orc priest completely misses your spectral weapon.
You hit the orc.
The orc is severely wounded.
Your spectral weapon hits the orc but does no damage.
The orc warrior barely misses you.
The orc warrior hits your spectral weapon with a battleaxe!
Your spectral weapon shares its damage with you!
You hit the orc.
You kill the orc!
Makhleb accepts your kill.
You closely miss the orc warrior.
Your spectral weapon hits the orc warrior.
The orc priest barely misses your spectral weapon.
The orc warrior hits you with a battleaxe.
The orc warrior completely misses your spectral weapon.
You hit the orc warrior. Your bite misses the orc warrior.
The orc warrior is lightly wounded.
Your spectral weapon closely misses the orc warrior.
The orc priest misses your spectral weapon.
You hit the orc warrior.
The orc warrior is moderately wounded.
Your spectral weapon hits the orc warrior but does no damage.
The orc warrior hits you but does no damage.
The orc warrior closely misses your spectral weapon.
You completely miss the orc warrior.
The orc warrior is moderately wounded.
Your spectral weapon hits the orc warrior.
The orc priest barely misses your spectral weapon.
You closely miss the orc warrior.
The orc warrior is heavily wounded.
Your spectral weapon hits the orc warrior but does no damage.
The orc warrior hits you with a battleaxe!
The orc warrior misses your spectral weapon.
The orc priest calls down the wrath of Beogh upon you.
Beogh smites you!
* * * LOW HITPOINT WARNING * * *
You hit the orc warrior.
The orc warrior is heavily wounded.
Your spectral weapon barely misses the orc warrior.
The orc warrior hits you with a battleaxe!
* * * LOW HITPOINT WARNING * * *
The orc warrior barely misses your spectral weapon.
The orc priest hits your spectral weapon but does no damage.
You hit the orc warrior but do no damage.
The orc warrior is heavily wounded.
Your spectral weapon hits the orc warrior but does no damage.
The orc priest invokes the aid of Beogh against you.
Beogh smites you!
* * * LOW HITPOINT WARNING * * *
There is a stone staircase leading up here.
The orc warrior hits you with a battleaxe!
You die...

#######
#.....#
#.....#
#.....#
#.....#
#.....#
#.@o..####
#.o)......
#.(.......
#.........
#.........
#.........
##+#####..
..


You could see an orc warrior, an orc priest and a friendly spectral quarterstaff
of speed.

Vanquished Creatures
  The ghost of tidbits the Protected, an amateur GnWn (D:3)
  4 ogres
  An ice beast (D:6)
  2 centaurs
  2 bullfrogs
  4 scorpions (D:4)
  2 howler monkeys
  A crimson imp (D:7)
  A jelly (D:6)
  A gnoll shaman (D:6)
  A bullfrog zombie (D:5)
  6 orc priests
  8 orc wizards
  A bullfrog skeleton (D:5)
  3 worker ants
  An iguana (D:6)
  Robin (D:3)
  7 gnolls
  12 adders
  2 shadow imps
  An ooze (D:6)
  An adder skeleton (D:5)
  A worm (D:4)
  2 leopard geckos
  20 orcs
  3 ball pythons
  8 bats
  6 giant cockroaches
  2 gnoll zombies (D:4)
  15 goblins
  11 hobgoblins
  5 jackals (D:1)
  6 kobolds
  A quokka (D:2)
  8 frilled lizards
  A quokka skeleton (D:4)
  5 rats
  3 fungi (D:4)
160 creatures vanquished.

Notes
Turn   | Place    | Note
-------+----------+-------------------------------------------
     0 | D:1      | tidbits the Gnoll Skald began the quest for the Orb.
     0 | D:1      | Reached XP level 1. HP: 20/20 MP: 6/6
    74 | D:1      | Reached XP level 2. HP: 25/26 MP: 2/7
    89 | D:1      | Learned a level 2 spell: Song of Slaying
    92 | D:1      | Learned a level 2 spell: Shroud of Golubria
   263 | D:2      | Noticed a centaur
   269 | D:2      | Reached skill level 5 in Spellcasting
   269 | D:2      | Reached XP level 3. HP: 31/31 MP: 4/9
   273 | D:2      | Killed a centaur
   273 | D:2      | Reached skill level 1 in Short Blades
   273 | D:2      | Reached skill level 1 in Long Blades
   273 | D:2      | Reached skill level 1 in Maces & Flails
   273 | D:2      | Reached skill level 1 in Polearms
   273 | D:2      | Reached skill level 1 in Staves
   273 | D:2      | Reached skill level 1 in Slings
   273 | D:2      | Reached skill level 1 in Bows
   273 | D:2      | Reached skill level 1 in Crossbows
   273 | D:2      | Reached skill level 1 in Throwing
   273 | D:2      | Reached skill level 1 in Stealth
   273 | D:2      | Reached skill level 1 in Shields
   273 | D:2      | Reached skill level 1 in Unarmed Combat
   273 | D:2      | Reached skill level 1 in Conjurations
   273 | D:2      | Reached skill level 1 in Hexes
   273 | D:2      | Reached skill level 1 in Summonings
   273 | D:2      | Reached skill level 1 in Necromancy
   273 | D:2      | Reached skill level 1 in Translocations
   273 | D:2      | Reached skill level 1 in Transmutations
   273 | D:2      | Reached skill level 1 in Fire Magic
   273 | D:2      | Reached skill level 1 in Ice Magic
   273 | D:2      | Reached skill level 1 in Air Magic
   273 | D:2      | Reached skill level 1 in Earth Magic
   273 | D:2      | Reached skill level 1 in Poison Magic
   273 | D:2      | Reached skill level 1 in Invocations
   273 | D:2      | Reached skill level 1 in Evocations
   273 | D:2      | Reached XP level 4. HP: 29/38 MP: 0/11
   278 | D:2      | Learned a level 3 spell: Regeneration
   282 | D:2      | Learned a level 3 spell: Spectral Weapon
   358 | D:1      | Reached XP level 5. HP: 35/43 MP: 7/12
   591 | D:2      | Found a sparkling altar of Nemelex Xobeh.
   715 | D:3      | Reached skill level 3 in Armour
   741 | D:3      | Noticed tidbits's ghost (amateur GnWn)
   763 | D:3      | Killed tidbits's ghost
   763 | D:3      | Reached skill level 5 in Fighting
   763 | D:3      | Reached skill level 2 in Short Blades
   763 | D:3      | Reached skill level 2 in Long Blades
   763 | D:3      | Reached skill level 5 in Axes
   763 | D:3      | Reached skill level 2 in Maces & Flails
   763 | D:3      | Reached skill level 2 in Polearms
   763 | D:3      | Reached skill level 2 in Staves
   763 | D:3      | Reached skill level 2 in Slings
   763 | D:3      | Reached skill level 2 in Bows
   763 | D:3      | Reached skill level 2 in Crossbows
   763 | D:3      | Reached skill level 2 in Throwing
   763 | D:3      | Reached skill level 5 in Dodging
   763 | D:3      | Reached skill level 2 in Stealth
   763 | D:3      | Reached skill level 2 in Shields
   763 | D:3      | Reached skill level 2 in Unarmed Combat
   763 | D:3      | Reached skill level 2 in Conjurations
   763 | D:3      | Reached skill level 2 in Hexes
   763 | D:3      | Reached skill level 2 in Summonings
   763 | D:3      | Reached skill level 2 in Necromancy
   763 | D:3      | Reached skill level 2 in Translocations
   763 | D:3      | Reached skill level 2 in Transmutations
   763 | D:3      | Reached skill level 2 in Fire Magic
   763 | D:3      | Reached skill level 2 in Ice Magic
   763 | D:3      | Reached skill level 2 in Air Magic
   763 | D:3      | Reached skill level 2 in Earth Magic
   763 | D:3      | Reached skill level 2 in Poison Magic
   763 | D:3      | Reached skill level 2 in Invocations
   763 | D:3      | Reached skill level 2 in Evocations
   763 | D:3      | Reached XP level 6. HP: 48/51 MP: 3/14
   783 | D:3      | Noticed Robin
   802 | D:3      | Killed Robin
   889 | D:3      | Found an opulent altar of Gozag.
   930 | D:4      | Found a basalt altar of Yredelemnul.
   957 | D:5      | Entered Level 5 of the Dungeon
   962 | D:5      | Reached XP level 7. HP: 56/56 MP: 2/15
   967 | D:5      | Reached skill level 7 in Charms
  1027 | D:5      | Found Xiokhlah's Food Shop.
  1185 | D:4      | Reached XP level 8. HP: 39/63 MP: 3/16
  1210 | D:4      | Found the +7 Singing Sword
  1263 | D:4      | Found a shadowy altar of Dithmenos.
  1376 | D:5      | Found a sacrificial altar of Ru.
  1531 | D:5      | Reached skill level 4 in Armour
  1535 | D:5      | Reached skill level 3 in Short Blades
  1535 | D:5      | Reached skill level 3 in Long Blades
  1535 | D:5      | Reached skill level 3 in Maces & Flails
  1535 | D:5      | Reached skill level 3 in Polearms
  1535 | D:5      | Reached skill level 3 in Staves
  1535 | D:5      | Reached skill level 3 in Slings
  1535 | D:5      | Reached skill level 3 in Bows
  1535 | D:5      | Reached skill level 3 in Crossbows
  1535 | D:5      | Reached skill level 3 in Throwing
  1535 | D:5      | Reached skill level 3 in Stealth
  1535 | D:5      | Reached skill level 3 in Shields
  1535 | D:5      | Reached skill level 3 in Unarmed Combat
  1535 | D:5      | Reached skill level 3 in Conjurations
  1535 | D:5      | Reached skill level 3 in Hexes
  1535 | D:5      | Reached skill level 3 in Summonings
  1535 | D:5      | Reached skill level 3 in Necromancy
  1535 | D:5      | Reached skill level 3 in Translocations
  1535 | D:5      | Reached skill level 3 in Transmutations
  1535 | D:5      | Reached skill level 3 in Fire Magic
  1535 | D:5      | Reached skill level 3 in Ice Magic
  1535 | D:5      | Reached skill level 3 in Air Magic
  1535 | D:5      | Reached skill level 3 in Earth Magic
  1535 | D:5      | Reached skill level 3 in Poison Magic
  1535 | D:5      | Reached skill level 3 in Invocations
  1535 | D:5      | Reached skill level 3 in Evocations
  1584 | D:5      | Found a staircase to the Ecumenical Temple.
  1602 | Temple   | Entered the Ecumenical Temple
  1722 | D:5      | Reached skill level 6 in Spellcasting
  1862 | D:6      | Found a burning altar of Makhleb.
  1868 | D:6      | Became a worshipper of Makhleb the Destroyer
  1990 | D:6      | Got a bronze chain mail
  2001 | D:6      | Identified the cursed +1 chain mail of Emauts {rN+ MR- Str+3} (You found it on level 6 of the Dungeon)
  2017 | D:6      | Reached skill level 6 in Fighting
  2017 | D:6      | Reached skill level 6 in Axes
  2017 | D:6      | Reached skill level 6 in Dodging
  2017 | D:6      | Reached XP level 9. HP: 65/69 MP: 14/18
  2277 | D:7      | Reached skill level 4 in Short Blades
  2277 | D:7      | Reached skill level 4 in Long Blades
  2277 | D:7      | Reached skill level 4 in Maces & Flails
  2277 | D:7      | Reached skill level 4 in Polearms
  2277 | D:7      | Reached skill level 4 in Staves
  2277 | D:7      | Reached skill level 4 in Slings
  2277 | D:7      | Reached skill level 4 in Bows
  2277 | D:7      | Reached skill level 4 in Crossbows
  2277 | D:7      | Reached skill level 4 in Throwing
  2277 | D:7      | Reached skill level 4 in Stealth
  2277 | D:7      | Reached skill level 4 in Shields
  2277 | D:7      | Reached skill level 4 in Unarmed Combat
  2277 | D:7      | Reached skill level 4 in Conjurations
  2277 | D:7      | Reached skill level 4 in Hexes
  2277 | D:7      | Reached skill level 4 in Summonings
  2277 | D:7      | Reached skill level 4 in Necromancy
  2277 | D:7      | Reached skill level 4 in Translocations
  2277 | D:7      | Reached skill level 4 in Transmutations
  2277 | D:7      | Reached skill level 4 in Fire Magic
  2277 | D:7      | Reached skill level 4 in Ice Magic
  2277 | D:7      | Reached skill level 4 in Air Magic
  2277 | D:7      | Reached skill level 4 in Earth Magic
  2277 | D:7      | Reached skill level 4 in Poison Magic
  2277 | D:7      | Reached skill level 4 in Invocations
  2277 | D:7      | Reached skill level 4 in Evocations
  2420 | D:8      | HP: 3/69 [orc priest/divine providence (12)]
  2421 | D:8      | Demolished by an orc warrior

Vault maps used:
D:1:      saegor_arrival_fortress, grunt_decor_cap
D:2:      nemelex_altar_shiori, first_bread, minmay_quantized
D:3:      lemuel_round_altar, uniq_robin
D:4:      old_forge, lemuel_doored_altar, lemuel_zombie_altar_yredelemnul
D:5:      minmay_temple_entry_glass, serial_shops, shop, minmay_misc_feat_tower,
          nicolae_ru_great_annihilating_truth
D:6:      bloody_makhleb, serial_glass, glass_columns_a, glass_columns_a
D:8:      serial_shops, shop, nicolae_ossuary_entry_monument
Temple:   regret_index_temple_sphere_string

Skill      XL: |  1  2  3  4  5  6  7  8  9 |
---------------+----------------------------+-----
Spellcasting   | 5 6 |  6.5
Short Blades   | 1 2 3 4 |  4.1
Long Blades    | 1 2 3 4 |  4.1
Maces & Flails | 1 2 3 4 |  4.1
Polearms       | 1 2 3 4 |  4.1
Staves         | 1 2 3 4 |  4.1
Slings         | 1 2 3 4 |  4.1
Bows           | 1 2 3 4 |  4.1
Crossbows      | 1 2 3 4 |  4.1
Throwing       | 1 2 3 4 |  4.1
Stealth        | 1 2 3 4 |  4.1
Shields        | 1 2 3 4 |  4.1
Unarmed Combat | 1 2 3 4 |  4.1
Conjurations   | 1 2 3 4 |  4.1
Hexes          | 1 2 3 4 |  4.1
Summonings     | 1 2 3 4 |  4.1
Necromancy     | 1 2 3 4 |  4.1
Translocations | 1 2 3 4 |  4.1
Transmutations | 1 2 3 4 |  4.1
Fire Magic     | 1 2 3 4 |  4.1
Ice Magic      | 1 2 3 4 |  4.1
Air Magic      | 1 2 3 4 |  4.1
Earth Magic    | 1 2 3 4 |  4.1
Poison Magic   | 1 2 3 4 |  4.1
Invocations    | 1 2 3 4 |  4.1
Evocations     | 1 2 3 4 |  4.1
Armour         | 3 4 |  4.9
Fighting       | 5 6 |  6.2
Axes           | 5 6 |  6.2
Dodging        | 5 6 |  6.2
Charms         | 7 |  7.8

Action                   |  1- 3 |  4- 6 |  7- 9 || total
-------------------------+-------+-------+-------++-------
Melee: Hand axe          |    25 |       |       ||    25
       Bite              |     2 |     9 |    28 ||    39
       Quarterstaff      |    17 |   114 |   228 ||   359
 Cast: Infusion          |     3 |       |       ||     3
       Spectral Weapon   |       |    11 |    28 ||    39
       Regeneration      |       |     3 |     8 ||    11
       Shroud of Golubri |       |     3 |     2 ||     5
  Use: Scroll            |     3 |       |     8 ||    11
 Stab: Distracted        |       |     2 |     1 ||     3
       Paralysed         |       |       |     1 ||     1
  Eat: Chunk             |       |     1 |     6 ||     7
       Royal jelly       |       |       |     1 ||     1
Armor: Leather armour    |     7 |    10 |       ||    17
       Ring mail         |       |    10 |    38 ||    48
       Chain mail        |       |       |    24 ||    24
Dodge: Dodged            |    29 |    58 |    87 ||   174
       Deflected         |       |       |     2 ||     2
Block: Other             |       |       |     7 ||     7
       Reflection        |       |       |     1 ||     1

Table legend:
 A = Spawn XP
 B = Non-spawn XP
 C = Spawn XP percentage of total XP
 D = Spawn monster count
 E = Non-spawn monster count
 F = Spawn count percentage of total count
 G = Total turns spent on level
                    A         B        C        D         E        F      G
               +---------+---------+-------+---------+---------+-------+---------
         Total |       0 |    3158 |   0.0 |       0 |     157 |   0.0 |  2421
               +---------+---------+-------+---------+---------+-------+---------
           D:1 |       0 |      31 |   0.0 |       0 |      18 |   0.0 |   286
           D:2 |       0 |     173 |   0.0 |       0 |      23 |   0.0 |   373
           D:3 |       0 |     403 |   0.0 |       0 |      29 |   0.0 |   245
           D:4 |       0 |     388 |   0.0 |       0 |      21 |   0.0 |   428
           D:5 |       0 |     604 |   0.0 |       0 |      24 |   0.0 |   311
           D:6 |       0 |     756 |   0.0 |       0 |      16 |   0.0 |   359
           D:7 |       0 |     761 |   0.0 |       0 |      24 |   0.0 |   287
           D:8 |       0 |       3 |   0.0 |       0 |       1 |   0.0 |    16
        Temple |       0 |      39 |   0.0 |       0 |       1 |   0.0 |   116
               +---------+---------+-------+---------+---------+-------+---------

Table legend:
 A = Turns spent in this place as a percentage of turns spent in the entire game.
 B = Non-inter-level travel turns spent in this place as a percentage of non-inter-level travel turns spent in the entire game.
 C = Inter-level travel turns spent in this place as a percentage of turns spent in this place.
 D = Turns resting spent in this place as a percentage of non-inter-level travel turns spent in this place.
 E = Turns spent auto-exploring this place as a percentage of non-inter-level travel turns spent in this place.
 F = Non-inter-level travel turns spent in this place divided by the number of levels of this place that you've seen.
                   A       B       C       D       E      F
               +-------+-------+-------+-------+-------+----------------------
         Total | 100.0 | 100.0 |   1.5 |   0.0 |   0.0 | 265.0
       Dungeon |  95.2 |  95.6 |   1.1 |   0.0 |   0.0 | 285.0
        Temple |   4.8 |   4.4 |   9.5 |   0.0 |   0.0 | 105.0
               +-------+-------+-------+-------+-------+----------------------

Table legend:
 A = Kills in this place as a percentage of kills in entire the game.
 B = Kills by you in this place as a percentage of kills by you in the entire game.
 C = Kills by friends in this place as a percentage of kills by friends in the entire game.
 D = Other kills in this place as a percentage of other kills in the entire game.
 E = Experience gained in this place as a percentage of experience gained in the entire game.
 F = Experience gained in this place divided by the number of levels of this place that you have seen.
                   A       B       C       D       E      F
               +-------+-------+-------+-------+-------+----------------------
         Total | 100.0 | 100.0 |   N/A |   N/A | 100.0 | 350.9
       Dungeon |  99.4 |  99.4 |   N/A |   N/A |  98.8 | 389.9
        Temple |   0.6 |   0.6 |   N/A |   N/A |   1.2 |  39.0
               +-------+-------+-------+-------+-------+----------------------

Vault maps used:
D:1:      saegor_arrival_fortress, grunt_decor_cap
D:2:      nemelex_altar_shiori, first_bread, minmay_quantized
D:3:      lemuel_round_altar, uniq_robin
D:4:      old_forge, lemuel_doored_altar, lemuel_zombie_altar_yredelemnul
D:5:      minmay_temple_entry_glass, serial_shops, shop, minmay_misc_feat_tower,
          nicolae_ru_great_annihilating_truth
D:6:      bloody_makhleb, serial_glass, glass_columns_a, glass_columns_a
D:8:      serial_shops, shop, nicolae_ossuary_entry_monument
Temple:   regret_index_temple_sphere_string
